 Dungeon Crawl Stone Soup version 0.26.0-41-g79a4fc7684 (webtiles) character file.

Game seed: 13289216585721327268

2266 kaeus the Sneak (level 9, -1/54 (60) HPs)
             Began as an Octopode Wanderer on Jan 27, 2021.
             Slain by a wight
             ... wielding a +3 scimitar
              (7 damage)
             ... on level 8 of the Dungeon.
             The game lasted 00:11:40 (9877 turns).

kaeus the Sneak (Octopode Wanderer)                 Turns: 9877, Time: 00:11:41

HP:   -1/54 (60)    AC:  1    Str: 10    XL:     9   Next: 38%
MP:   10/13         EV: 19    Int: 13    God:
Gold: 332           SH:  0    Dex: 17    Spells: 8/14 levels left

rFire    . . .     SeeInvis .   b - +3 dagger (venom)
rCold    . . .     Faith    .   (no shield)
rNeg     . . .     Spirit   .   (helmet restricted)
rPois    .         Reflect  .   B - amulet of the acrobat
rElec    .         Harm     .   p - +4 ring of evasion
rCorr    .         Rampage  .   (no ring)
Will     .....                  (no ring)
Stlth    +++++.....             (no ring)
HPRegen  0.18/turn              (no ring)
MPRegen  0.13/turn              (no ring)
                                (no ring)
                                (no ring)

@: heavily drained
A: almost no armour, stealthy swim, amphibious, 8 rings, constrict 8, camouflage
1, gelatinous body 1
a: no special abilities


You were on level 8 of the Dungeon.
You visited 2 branches of the dungeon, and saw 9 of its levels.
You also visited: Ossuary.

You collected 486 gold pieces.
You spent 154 gold pieces at shops.

Inventory:

Hand Weapons
 b - a +3 dagger of venom (weapon)
Jewellery
 p - a +4 ring of evasion (left tentacle)
 B - an amulet of the acrobat (around mantle)
Wands
 k - a wand of disintegration (32)
 n - a wand of random effects (18)
 s - a wand of iceblast (9)
 x - a wand of polymorph (6)
 z - a wand of enslavement (9)
 A - a wand of flame (24)
Scrolls
 c - 8 scrolls of teleportation
 d - 4 scrolls of enchant armour
 e - 2 scrolls of identify
 f - 7 scrolls of remove curse
 g - a scroll of brand weapon {unknown}
 o - 4 scrolls of immolation
 q - a scroll of blinking
 t - 2 scrolls of amnesia
 v - a scroll of torment
 y - a scroll of fog
 D - 3 scrolls of magic mapping
Potions
 a - 3 potions of mutation {unknown}
 h - 5 potions of curing
 i - 2 potions of might {unknown}
 j - 2 potions of degeneration {unknown}
 l - 2 potions of flight
 r - 2 potions of haste
 u - 5 potions of lignification
 w - 2 potions of attraction {unknown}
 C - 2 potions of cancellation {unknown}


   Skills:
 + Level 4.9 Fighting
 + Level 3.5 Short Blades
 + Level 3.5 Dodging
 * Level 7.7 Stealth
 - Level 1.0 Shields
 - Level 2.0 Unarmed Combat
 + Level 3.2 Spellcasting
 * Level 5.6 Summonings
 - Level 1.0 Ice Magic
 * Level 5.2 Air Magic
 - Level 1.1 Evocations


You had 8 spell levels left.
You knew the following spells:

 Your Spells              Type           Power        Failure   Level
b - Summon Lightning Spi  Summ/Air       16%          24%         4
c - Call Imp              Summ           16%          3%          2

Your spell library contained the following spells:

 Spells                   Type           Power        Failure   Level
 Summon Small Mammal      Summ           64%          2%          1
 Call Canine Familiar     Summ           16%          7%          3
 Freeze                   Ice            16%          16%         1
 Summon Guardian Golem    Hex/Summ       9%           22%         3
 Frozen Ramparts          Ice            8%           41%         3
 Ozocubu's Armour         Ice            4%           41%         3
 Summon Ice Beast         Ice/Summ       10%          50%         4
 Hailstorm                Conj/Ice       3%           88%         4


Dungeon Overview and Level Annotations

Branches:
Dungeon (8/15)             Temple (1/1) D:7         Ossuary (visited)
   Lair: D:8-11

Altars:
Ashenzari
Cheibriados
Elyvilon
Gozag
Hepliaklqana
Kikubaaqudgha
Makhleb
Nemelex Xobeh
Okawaru
Qazlal
Ru
Sif Muna
Trog
Uskayaw
Vehumet
Wu Jian
Xom
Yredelemnul
Zin
The Shining One

Shops:
D:5 !


Innate Abilities, Weirdness & Mutations

You cannot wear most types of armour.
You are very stealthy in the water. (Stealth+)
You are amphibious.
You can wear up to eight rings at the same time.
You can use your tentacles to constrict eight enemies at once.
Your skin changes colour to match your surroundings (Stealth+).
Your rubbery body absorbs attacks. (AC +1, EV +1)


Message History

The wight is heavily damaged.
You constrict the wight.
Your crimson imp barely misses the wight.
You release your grip on the wight.
The wight completely misses you.
Your crimson imp hits the wight.
You hit the wight but do no damage. You grab the wight.
You squeeze the wight, but do no damage.
The wight is heavily damaged.
You constrict the wight, but do no damage.
The wight closely misses you.
Your crimson imp closely misses the wight.
Your crimson imp hits the wight.
The wight is destroyed!
You hit the wight but do no damage.
You squeeze the wight, but do no damage.
The wight is heavily damaged.
You constrict the wight. The wight hits you with a +3 scimitar!
* * * LOW HITPOINT WARNING * * *
You feel drained.
You die...

...##..#.......§....,,,,,,,*,#.#.
#.................#*,,,,,,,*,#8#.
...........)...5.#**...>...#.###.
...............).# *#.....#......
........<.....?..# *#...##.####.
................5# ##.##..####.
.........##....))# #........>#)
....####.....#.#z#####.........†)
[#......##...#.#@.#............##
#...#........#.##...<.......)..#
....###......#.####..#......÷..#
.#...#..............##...(.....#
.##..........#..##..##.........#
.................#.###.........#
##.............#.#.* #.........#
#..#....#..##..#,#.* ###########
#..........#*,.#,..*


You could see a wight and 2 friendly crimson imps.

Vanquished Creatures
  2 humans (D:8)
  2 sky beasts
  2 black bears
  2 ogres
  A centaur (D:6)
  A big kobold (D:7)
  A scorpion (D:4)
  2 water moccasin skeletons (D:7)
  2 wights (D:8)
  A howler monkey (D:6)
  2 centaur zombies (Ossuary)
  4 hounds
  A quasit (D:7)
  A human zombie (Ossuary)
  A centaur skeleton (D:6)
  An orc priest (D:5)
  An iguana (D:7)
  4 orc wizards
  3 worker ants
  3 ogre zombies (Ossuary)
  A big kobold zombie (Ossuary)
  7 mummies (Ossuary)
  A howler monkey zombie (D:7)
  6 gnolls
  7 adders
  2 adder zombies
  2 worms (D:3)
  4 dart slugs
  3 leopard geckos
  29 orcs
  3 bats
  A giant cockroach (D:3)
  14 goblins
  17 hobgoblins
  7 jackals
  2 quokkas
  A ball python (D:1)
  2 frilled lizards
  A gnoll zombie (Ossuary)
  3 goblin zombies (Ossuary)
  4 hobgoblin zombies (Ossuary)
  20 kobolds
  5 kobold zombies (Ossuary)
  An orc zombie (Ossuary)
  4 quokka zombies (Ossuary)
  4 rats
  4 rat zombies (Ossuary)
192 creatures vanquished.

Vanquished Creatures (collateral kills)
  2 wights (D:8)
2 creatures vanquished.

Grand Total: 194 creatures vanquished

Notes
Turn   | Place    | Note
-------+----------+-------------------------------------------
     0 | D:1      | kaeus the Octopode Wanderer began the quest for the Orb.
     0 | D:1      | kaeus set off with the following items: a +0 dagger, a
                  | potion of curing, a scroll of teleportation; and the
                  | following spell memorised: Summon Small Mammal; and the
                  | following spells available to memorise: Call Imp, Call
                  | Canine Familiar, Summon Guardian Golem, Summon Ice Beast,
                  | Summon Lightning Spire
     0 | D:1      | Reached XP level 1. HP: 16/16 MP: 1/1
   242 | D:1      | Reached XP level 2. HP: 17/21 MP: 2/2
   574 | D:1      | Reached skill level 1 in Stealth
  1148 | D:2      | Reached XP level 3. HP: 26/26 MP: 3/3
  1241 | D:2      | Reached skill level 1 in Air Magic
  2396 | D:3      | Reached XP level 4. HP: 31/31 MP: 4/4
  2424 | D:3      | Reached skill level 2 in Stealth
  2434 | D:3      | Reached skill level 1 in Short Blades
  2434 | D:3      | Reached skill level 1 in Dodging
  2438 | D:3      | Reached skill level 1 in Spellcasting
  2894 | D:3      | Reached XP level 5. HP: 36/36 MP: 6/6
  3253 | D:4      | Found a glowing golden altar of the Shining One.
  3307 | D:4      | Noticed an ogre
  3317 | D:4      | Killed an ogre
  3318 | D:4      | Reached skill level 3 in Stealth
  3318 | D:4      | Reached XP level 6. HP: 42/42 MP: 6/8
  3418 | D:4      | Learned a level 4 spell: Summon Lightning Spire
  4090 | D:5      | Entered Level 5 of the Dungeon
  4101 | D:5      | Noticed a sky beast
  4235 | D:4      | Reached skill level 4 in Stealth
  4599 | D:5      | Reached XP level 7. HP: 43/47 MP: 9/9
  4639 | D:5      | Found Syll's Distillery.
  4642 | D:5      | Bought a potion of heal wounds for 70 gold pieces
  4642 | D:5      | Bought 2 potions of lignification for 84 gold pieces
  5762 | D:6      | Found a glowing silver altar of Zin.
  5856 | D:6      | Reached skill level 5 in Stealth
  6171 | D:6      | Identified the cursed +0 scale mail of Ornamental Music
                  | {*Corrode rC+ SInv}
  6201 | D:6      | Reached XP level 8. HP: 29/54 MP: 11/11
  7121 | D:6      | Found a white marble altar of Elyvilon.
  7432 | D:7      | Found a staircase to the Ecumenical Temple.
  7607 | Temple   | Entered the Ecumenical Temple
  7611 | Temple   | Learned a level 2 spell: Call Imp
  7874 | D:7      | Reached skill level 6 in Stealth
  8427 | D:8      | Found a sand-covered staircase.
  8436 | Ossuary  | Entered an ossuary
  8578 | Ossuary  | Reached skill level 5 in Summonings
  9057 | Ossuary  | Reached XP level 9. HP: 46/59 MP: 13/13
  9170 | D:8      | Reached skill level 7 in Stealth
  9323 | D:8      | Found a hide-covered altar of Uskayaw.
  9326 | D:8      | Noticed a brown ugly thing
  9648 | D:8      | Reached skill level 5 in Air Magic
  9657 | D:8      | Found an iron altar of Okawaru.
  9843 | D:8      | Found a radiant altar of Vehumet.
  9870 | D:8      | HP: 2/55 [wight/+3 scimitar (5)]
  9877 | D:8      | Slain by a wight

Illustrated notes

Levels and vault maps discovered:
D:1:      minmay_arrival_stair_chambers, layout_loops_ring, minmay_misc_feat_x,
          st_stairs_5, bh_walls_and_bars
D:2:      layout_basic, grunt_decor_junction
D:3:      layout_basic, serial_forest, infiniplex_forest_straight_5,
          infiniplex_forest_corner_2, infiniplex_forest_lined_3_way,
          infiniplex_forest_lined_room_3, infiniplex_forest_clump_curved,
          infiniplex_forest_straight_3, infiniplex_forest_clump_small,
          infiniplex_forest_corner_2, infiniplex_forest_straight_3
D:4:      layout_cave_pods, tso_metal_star, grunt_tough_drop
D:5:      layout_gridville, serial_shops, kennysheep_mini_moat
D:6:      layout_loops_cross, zin_statuary, general_overflow_altar
D:7:      corexii_shantytown, layout_loops_corners,
          minmay_temple_entry_offerings, serial_glass, glass_columns_b,
          glass_columns_a, glass_columns_b, glass_columns_b, glass_columns_a,
          glass_columns_a
D:8:      layout_rooms, okawaru_humans, fiery_altar_vehumet,
          eat_drink_and_be_merry_uskayaw, enter_ossuary_1,
          hangedman_minor_gate_pass
Temple:   jpeg_temple_clearing

Skill      XL: |  1  2  3  4  5  6  7  8  9 |
---------------+----------------------------+-----
Stealth        | 1 2 3 4 5 6 7 |  7.7
Air Magic      | 1 2 3 4 5 |  5.2
Short Blades   | 1 2 3 |  3.5
Dodging        | 1 2 3 |  3.5
Spellcasting   | 1 2 3 |  3.2
Summonings     | 3 4 5 |  5.6
Fighting       | 4 |  4.9
Shields        | |  1.0
Unarmed Combat | |  2.0
Ice Magic      | |  1.0
Evocations     | |  1.1

Action                   |  1- 3 |  4- 6 |  7- 9 || total
-------------------------+-------+-------+-------++-------
Melee: Dagger            |    82 |    77 |   356 ||   515
       Constrict         |    26 |    17 |    82 ||   125
       Tentacles         |    18 |    14 |    82 ||   114
       Punch             |     1 |     1 |     7 ||     9
 Cast: Summon Small Mamm |       |       |     2 ||     2
       Call Imp          |       |       |     6 ||     6
  Use: Potion            |     1 |     1 |     3 ||     5
       Scroll            |       |       |    16 ||    16
 Stab: Sleeping          |     7 |     6 |    37 ||    50
       Distracted        |       |       |     1 ||     1
Armor: Skin              |     4 |     1 |     9 ||    14
Dodge: Dodged            |    44 |    55 |   279 ||   378
